 Dungeon Crawl Stone Soup version 0.29-a0-664-gff9cad4a3d (webtiles) character file.

Game seed: 13023731914021018521

112 Newt the Skirmisher (level 4, 0/55 HPs)
             Began as a Demonspawn Abyssal Knight on June 22, 2022.
             Was a Priest of Lugonu.
             Slain by a lemure (2 damage)
             ... led by Pikel
             ... on level 4 of the Dungeon.
             The game lasted 00:13:54 (2169 turns).

Newt the Skirmisher (Demonspawn Abyssal Knight)     Turns: 2169, Time: 00:13:55

Health: 0/55       AC:  6    Str: 25    XL:     4   Next: 64%
Magic:  15/15      EV: 10    Int:  7    God:    Lugonu [***...]
Gold:   243        SH:  0    Dex:  9    Spells: 3/3 levels left

rFire   + . .      SeeInvis +   A - +7 whip of Armageddon {vamp, rPois MP+9 Dex-4 SInv}
rCold   x . .      Faith    .   f - orb {*Rage}
rNeg    . . .      Spirit   .   e - +0 ring mail
rPois   +          Reflect  .   (no helmet)
rElec   .          Harm     .   (no cloak)
rCorr   .          Rampage  .   B - +0 pair of gloves
Will    .....      Rage     20% (no boots)
Stlth   ..........              (no amulet)
HPRegen 0.18/turn               v - ring "Fatiwor" {Fire Contam +Blink Str+9 Int-4}
MPRegen 0.14/turn               (no ring)

@: berserking, very quick
A: spiny 1
a: Renounce Religion, Evoke Blink, Depart the Abyss, Bend Space, Banish


You were on level 4 of the Dungeon.
You worshipped Lugonu.
Lugonu was most pleased with you.
You visited 1 branch of the dungeon, and saw 4 of its levels.
You visited the Abyss 1 time.

You collected 243 gold pieces.

Inventory:

Hand Weapons
 a - a +1 spear
 d - a +2 dagger of venom
 i - a +1 dagger of speed
 A - the +7 whip of Armageddon (weapon) {vamp, rPois MP+9 Dex-4 SInv}
   (You found it on level 4 of the Dungeon)

   It occasionally heals its wielder for a portion of the damage dealt when it
   wounds a living foe.
   Dex:       It affects your dexterity (-4).
   rPois:     It protects you from poison.
   MP:        It affects your magic capacity (+9).
   SInv:      It lets you see invisible.
Armour
 b - a +0 leather armour
 e - a +0 ring mail (worn)
 f - an orb of wrath (worn)
 s - a +0 scale mail
 B - a +0 pair of gloves (worn)
Jewellery
 v - the ring "Fatiwor" (left hand) {Fire Contam +Blink Str+9 Int-4}
   (You acquired it on level 3 of the Dungeon)

   [ring of fire]

   It enhances your fire magic.
   Str:       It affects your strength (+9).
   Int:       It affects your intelligence (-4).
   rF:        It protects you from fire.
   rC:        It makes you vulnerable to cold.
   +Blink:    It lets you blink.
   Contam:    It causes magical contamination when unequipped.
Wands
 x - a wand of quicksilver (7)
Scrolls
 g - a scroll of blinking {unknown}
 h - a scroll of acquirement
 o - a scroll of fog {unknown}
 p - a scroll of poison {unknown}
 t - a scroll of teleportation {unknown}
 u - 2 scrolls of enchant armour {unknown}
 y - a scroll of amnesia {unknown}
 C - a scroll of vulnerability {unknown}
Potions
 c - a potion of heal wounds
 j - 4 potions of curing
 k - a potion of haste {unknown}
 l - a potion of attraction {unknown}
 m - a potion of invisibility {unknown}
 n - a potion of lignification {unknown}
 q - a potion of resistance {unknown}
 r - a potion of mutation {unknown}
 w - a potion of brilliance {unknown}
 z - a potion of degeneration {unknown}


   Skills:
 + Level 4.0 Fighting
 - Level 1.8 Short Blades
 - Level 2.0 Polearms
 + Level 2.6 Armour
 - Level 0.8 Dodging
 + Level 3.0 Invocations


You had 3 spell levels left.
You didn't know any spells.
Your spell library contained the following spells:

 Spells                   Type           Power      Damage    Failure   Level
 Gell's Gravitas          Tloc           0%         N/A       91%         3
 Lesser Beckoning         Tloc           0%         N/A       91%         3
 Teleport Other           Tloc           0%         N/A       91%         3


Dungeon Overview and Level Annotations

Branches:
Dungeon (4/15)
 Temple: D:4-7

Altars:
Makhleb
Uskayaw

Shops:
D:2 :

Annotations:
D:4 Pikel


Innate Abilities, Weirdness & Mutations

You are partially covered in sharp spines.


Message History

Pikel is moderately wounded.
The lemure barely misses you. Pikel hits you but does no damage.
You barely miss Pikel.
Pikel is moderately wounded.
The lemure hits you. Pikel barely misses you.
You barely miss Pikel.
Pikel is moderately wounded.
Pikel closely misses you. The lemure closely misses you.
You hit Pikel but do no damage.
Pikel is moderately wounded.
You feel stable enough to blink again. The lemure hits you but does no damage.
Pikel hits you with a +1 whip of flaming.
You hit Pikel.
You feel better.
Pikel is heavily wounded.
The lemure barely misses you.
Pikel hits you with a +1 whip of flaming!
Space bends violently around you!
You blink.
You recover from your berserk rage.
The lemure attacks as you move away! The lemure is struck by your spines.
The lemure hits you!
* * * LOW HITPOINT WARNING * * *
You barely miss the lemure.
The lemure is lightly wounded.
The lemure is struck by your spines. The lemure hits you.
* * * LOW HITPOINT WARNING * * *
A red film seems to cover your vision as you go berserk!
You feel yourself moving faster!
You feel mighty!
You barely miss the lemure.
The lemure is moderately wounded.
The lemure barely misses you.
You are too berserk!
You whack the lemure!
The lemure is severely wounded.
The lemure hits you but does no damage.
Pikel hits you with a +1 whip of flaming.
* * * LOW HITPOINT WARNING * * *
You barely miss the lemure.
The lemure is severely wounded.
The lemure hits you.
You die...

.####.....##### ..#
......###...... ..
##.........# .# ##..
..........###.####.. .
#####..............#
...
#........####..##.....
#........# #......K..
##........#
##.###.....
###.........###@.# l..
##...........##K5## .
#.......#.#####.##
..#.....<.# ##.#
.##..###.#####).#
.....###.......##
.........#######
..>.###..# .#..##.<##


You could see Pikel and a lemure.

Vanquished Creatures
  3 lemures (D:4)
  An orc wizard (D:3)
  An adder (D:2)
  A worm (D:2)
  2 dart slugs (D:1)
  2 orcs (D:3)
  6 endoplasms
  A giant cockroach (D:3)
  6 goblins
  12 hobgoblins
  9 kobolds
  3 quokkas
  8 ball pythons
  7 bats
  2 frilled lizards (D:1)
  4 rats
68 creatures vanquished.

Vanquished Creatures (others)
  9 plants (D:3)
9 creatures vanquished.

Grand Total: 77 creatures vanquished

Notes
Turn   | Place    | Note
-------+----------+-------------------------------------------
     0 | Abyss:1  | Newt the Demonspawn Abyssal Knight began the quest for the
                  | Orb.
     0 | Abyss:1  | Reached XP level 1. HP: 18/18 MP: 2/2
    68 | Abyss:1  | Found a corrupted altar of Lugonu.
    88 | D:1      | Escaped the Abyss
   124 | D:1      | Found a faded altar of an unknown god.
   155 | D:1      | Gained mutation: You are partially covered in sharp spines.
                  | [demonic ancestry]
   155 | D:1      | Reached XP level 2. HP: 11/24 MP: 3/3
   546 | D:1      | Reached XP level 3. HP: 29/29 MP: 5/5
   630 | D:1      | Reached *** piety under Lugonu
   867 | D:2      | Reached skill level 1 in Short Blades
   928 | D:2      | Found Rot Bow's Book Shoppe.
  1196 | D:3      | Reached XP level 4. HP: 37/37 MP: 6/6
  1208 | D:3      | Reached skill level 4 in Fighting
  1712 | D:3      | Found a burning altar of Makhleb.
  1712 | D:3      | Found a hide-covered altar of Uskayaw.
  1823 | D:3      | Identified 2 scrolls of acquirement
  1823 | D:3      | Acquired the ring "Fatiwor" {Fire Contam +Blink Str+9
                  | Int-4}
  1985 | D:4      | Identified the +7 whip of Armageddon {vamp, rPois MP+9
                  | Dex-4 SInv}
  2104 | D:4      | Noticed a lemure
  2110 | D:4      | Killed a lemure
  2110 | D:4      | Noticed a lemure
  2114 | D:4      | Noticed a lemure
  2117 | D:4      | Killed a lemure
  2122 | D:4      | Killed a lemure
  2138 | D:4      | Noticed Pikel
  2153 | D:4      | Noticed a lemure
  2168 | D:4      | HP: 1/55 [Pikel/+1 whip of flaming (5)]
  2169 | D:4      | Slain by a lemure

Illustrated notes

Levels and vault maps discovered:
D:1:      minmay_arrival_hallway, layout_rooms,
          hellmonk_ecumenical_altar_pennies_from_heaven
D:2:      layout_loops_ring, serial_shops, nicolae_lakefront_shop,
          minmay_unequal
D:3:      layout_basic, nicolae_overflow_hidden_temple, serial_bayou_lagoon_a
D:4:      layout_rooms, marbit_many_paths, uniq_pikel

Skill      XL: |  1  2  3  4 |
---------------+-------------+-----
Armour         | 2 |  2.6
Polearms       | 2 |  2.0
Short Blades   | 1 |  1.8
Fighting       | 4 |  4.0
Invocations    | 3 |  3.0
Dodging        | |  0.8

Action                   |  1- 3 |  4- 6 || total
-------------------------+-------+-------++-------
Melee: Spear             |    36 |       ||    36
       Dagger            |    57 |    42 ||    99
       Whip              |       |    28 ||    28
Invok: Bend Space        |       |    10 ||    10
 Abil: Evoke Blink       |       |     2 ||     2
  Use: Scroll            |       |     3 ||     3
       Potion            |       |     1 ||     1
Armor: Leather armour    |    18 |       ||    18
       Ring mail         |    24 |    22 ||    46
Dodge: Dodged            |    45 |    20 ||    65

Table legend: (Time is in decaauts)
 A = Elapsed time spent in this place.
 B = Non-inter-level travel time spent in this place.
 C = Inter-level travel time spent in this place.
 D = Time resting spent in this place.
 E = Time spent auto-exploring this place.
 F = Levels seen in this place.
 G = Mean time per level.
                   A        B        C        D        E       F      G
               +--------+--------+--------+--------+--------+-----+--------+
         Total |   2275 |   2275 |      0 |    444 |    139 |   5 |  455.0 |
       Dungeon |   2187 |   2187 |      0 |    384 |    125 |   4 |  546.8 |
         Abyss |     88 |     88 |      0 |     60 |     14 |   1 |   88.0 |
               +--------+--------+--------+--------+--------+-----+--------+

Top non-repeatable levels by time:
     D:3: 797 daAuts
     D:1: 666 daAuts
     D:2: 459 daAuts
     D:4: 264 daAuts
 Abyss:1: 88 daAuts
